 Dungeon Crawl Stone Soup version 0.15.2 (webtiles) character file.

107 Gartch the Magician (level 4, -2/24 HPs)
             Began as a Deep Elf Wizard on Dec 31, 2014.
             Slain by Gartch's ghost (7 damage)
             ... on Level 5 of the Dungeon on Jan 2, 2015.
             The game lasted 01:17:37 (4270 turns).

Gartch the Magician (Deep Elf Wizard)               Turns: 4270, Time: 01:17:37

HP  -2/24        AC  3     Str  4      XL: 4   Next: 57%
MP  12/17        EV 13     Int 24      God:
Gold 104         SH  0     Dex 13      Spells:  4 memorised,  6 levels left

rFire  . . .     SeeInvis .     j - +2 dagger (venom)
rCold  . . .     Clarity  .     a - +1 robe
rNeg   . . .     rCorr    .     (no shield)
rPois  .         rRot     .     b - +0 hat
rElec  .         Spirit   .     (no cloak)
SustAb .         Warding  .     (no gloves)
rMut   .         Stasis   .     (no boots)
Gourm  .                        (no amulet)
MR     .....                    (no ring)
                                (no ring)

@: very slightly contaminated, not resistant to hostile enchantments, unstealthy
A: no striking features
a: no special abilities


You were on level 5 of the Dungeon.
You were hungry.

You visited 1 branch of the dungeon, and saw 5 of its levels.

You collected 104 gold pieces.

Inventory:

Hand weapons
 e - a +0 short sword
 f - a +0 hunting sling of flaming
 j - a +2 dagger of venom (weapon)
 k - a +0 dagger
 m - a +0 dagger
Missiles
 h - 6 arrows of frost (quivered)
 n - 27 arrows
 t - 6 needles of confusion
Armour
 a - a +1 robe (worn)
 b - a +0 hat (worn)
 i - a +0 ring mail
Magical devices
 r - a wand of polymorph (10)
Comestibles
 u - a rotting chunk of worker ant flesh
Scrolls
 d - 3 scrolls of remove curse
 s - a scroll of teleportation
Jewellery
 p - an uncursed ring of protection from fire {unknown}
Potions
 g - 2 potions of restore abilities
 l - a potion of cure mutation
Books
 c - a book of Minor Magic

   Spells                             Type                      Level
   *Magic Dart                        Conjuration                  1
   Blink                              Translocation                2
   *Call Imp                          Summoning                    2
   Repel Missiles                     Charms/Air                   2
   *Slow                              Hexes                        2
   *Conjure Flame                     Conjuration/Fire             3
   Mephitic Cloud                     Conjuration/Poison/Air       3
 o - a book of Cantrips

   Spells                             Type                      Level
   Corona                             Hexes                        1
   Animate Skeleton                   Necromancy                   1
   Summon Small Mammal                Summoning                    1
   Apportation                        Translocation                1


   Skills:
 - Level 2.7 Dodging
 + Level 3.2 Stealth
 + Level 5.7 Spellcasting
 - Level 2.0 Conjurations
 + Level 2.3 Hexes
 - Level 1.4 Summonings
   Level 1.1 Translocations


You had 6 spell levels left.
You knew the following spells:

 Your Spells              Type           Power        Failure   Level  Hunger
a - Magic Dart            Conj           ###.         4%          1    None
b - Call Imp              Summ           ##......     10%         2    None
c - Slow                  Hex            ###.....     6%          2    None
d - Conjure Flame         Conj/Fire      ##......     21%         3    ##.....


Dungeon Overview and Level Annotations

Branches:
Dungeon (5/15)
 Temple: D:4-7

Altars:

Annotations:
D:2 Terence
D:3 Gartch's ghost, average DECj
D:5 Gartch's ghost, experienced TrBe


Message History

You start resting.
Gartch's ghost (experienced Troll Berserker) comes into view.
Casting: Conjure Flame
Confirm with . or Enter, or press ? or * to list all spells.
Aiming: Conjure Flame
Press: ? - help, Dir - move target cursor You miscast Conjure Flame.
You are very lightly contaminated with residual magic.
Wisps of smoke drift from your hands.
Casting: Conjure Flame
Confirm with . or Enter, or press ? or * to list all spells.
Aiming: Conjure Flame
Press: ? - help, Dir - move target cursor The fire roars!
Gartch's ghost is engulfed in roaring flames.
You see here 15 gold pieces.
You hit Gartch's ghost.
Gartch's ghost is lightly damaged.
Gartch's ghost hits you!
You die...

#.## #... #..#
#..#### ###
#...<.. ..
##.#### #.
########.#
#.#####........#
#.@W.$..########
#########


You could see Gartch's ghost.

Vanquished Creatures
  3 adders
  2 giant geckos
  An orc (D:3)
  5 bats
  A giant cockroach (D:3)
  5 goblins
  5 hobgoblins
  A jackal (D:3)
  6 kobolds
  5 giant newts
  2 quokkas (D:2)
  2 rats
38 creatures vanquished.

Vanquished Creatures (collateral kills)
  A worker ant (D:4)
  2 adders
  A worm (D:3)
  An ooze (D:4)
  An orc (D:2)
  A hobgoblin (D:2)
  4 jackals (D:3)
  2 giant cockroaches (D:2)
  A giant gecko (D:3)
  A giant newt (D:3)
15 creatures vanquished.

Vanquished Creatures (others)
  A crimson imp (D:3)
  An iron imp (D:4)
  A white imp (D:4)
3 creatures vanquished.

Grand Total: 56 creatures vanquished

Notes
Turn   | Place    | Note
--------------------------------------------------------------
     0 | D:1      | Gartch, the Deep Elf Wizard, began the quest for the Orb.
     0 | D:1      | Reached XP level 1. HP: 10/10 MP: 6/6
   626 | D:1      | Reached XP level 2. HP: 15/15 MP: 5/10
   630 | D:1      | Learned a level 2 spell: Call Imp
   633 | D:1      | Learned a level 2 spell: Slow
   949 | D:1      | Reached skill level 5 in Spellcasting
  1949 | D:2      | Reached XP level 3. HP: 19/19 MP: 8/14
  1994 | D:2      | Learned a level 3 spell: Conjure Flame
  2518 | D:2      | Noticed Terence
  2913 | D:3      | Noticed Gartch's ghost (average DECj)
  3494 | D:3      | Reached skill level 1 in Hexes
  3757 | D:3      | Reached XP level 4. HP: 7/24 MP: 1/17
  4215 | D:4      | HP: 1/24 [poisoned by a kobold]
  4228 | D:5      | Entered Level 5 of the Dungeon
  4259 | D:5      | Noticed Gartch's ghost (experienced TrBe)
  4270 | D:5      | Slain by Gartch's ghost

Action                   |  1- 3 |  4- 6 || total
-------------------------+-------+-------++-------
Melee: Dagger            |     5 |     9 ||    14
 Cast: Magic Dart        |    93 |    11 ||   104
       Call Imp          |    21 |     6 ||    27
       Slow              |     9 |       ||     9
       Conjure Flame     |    10 |     2 ||    12
Evoke: Wand              |       |     1 ||     1
  Use: Scroll            |     9 |       ||     9
       Potion            |     2 |     1 ||     3
  Eat: Bread ration      |     1 |       ||     1
       Chunk             |     2 |     2 ||     4
       Beef jerky        |     1 |       ||     1
